 Dungeon Sprint DCSS version 0.30-a0-465-g8901f6c8b5 (webtiles) character file.

Game seed: 17971168683976289275

900000 NinjaNoafa the Covert (level 11, -4/78 HPs)
             Began as an Octopode Fire Elementalist on Dec 19, 2022.
             Was a Follower of Makhleb.
             Slain by a bag of meat
             ... wielding a +9 war axe
              (19 damage)
             ... in the Dungeon (Sprint VIII: "Arena of Blood").
             The game lasted 00:00:35 (9 turns).

NinjaNoafa the Covert (Octopode Fire Elementalist)     Turns: 9, Time: 00:00:36

Health: -4/78      AC:  1    Str:  8    XL:     11   Next: 5%
Magic:  3/23       EV: 18    Int: 17    God:    Makhleb [*.....]
Gold:   0          SH:  0    Dex: 17    Spells: 25/26 levels left

rFire   . . .      SeeInvis .    g - +∞ Axe of Woe
rCold   . . .      Faith    .    (shield currently unavailable)
rNeg    . . .      Spirit   .    (helmet restricted)
rPois   .          Reflect  .    (no amulet)
rElec   .          Harm     .    (no ring)
rCorr   .          Rampage  .    (no ring)
Will    .....      NoTele   +    (no ring)
Stlth   ++++++....               (no ring)
HPRegen 0.33/turn                (no ring)
MPRegen 0.18/turn                (no ring)
                                 (no ring)
                                 (no ring)

@: no status effects
A: almost no armour, amphibious, 8 rings, camouflage 1, gelatinous body 1,
(nimble swimmer 1), tentacles
a: Renounce Religion


You were in the Dungeon.
You worshipped Makhleb.
Makhleb was aware of your devotion.
You visited 1 branch

Inventory:

Hand Weapons
 g - the +∞ Axe of Woe (weapon)
   (You found it in the Dungeon)
Jewellery
 h - a +30 ring of slaying
Scrolls
 f - a scroll of blinking
Potions
 a - 3 potions of magic
 b - a potion of curing
 c - a potion of heal wounds
 d - a potion of haste
 e - a potion of berserk rage


   Skills:
 + Level 8.8 Fighting
 + Level 8.9 Axes
 + Level 9.1 Dodging
 + Level 12.8 Stealth
 + Level 8.9 Unarmed Combat
 + Level 8.4 Spellcasting
 + Level 8.9 Conjurations
 + Level 9.5 Fire Magic
 + Level 9.6 Invocations


You had 25 spell levels left.
You knew the following spells:

 Your Spells              Type           Power      Damage    Failure   Level
a - Foxfire               Conj/Fire      100%       2x1d9     1%          1

Your spell library contained the following spells:

 Spells                   Type           Power      Damage    Failure   Level
 Scorch                   Fire           78%        2d8       1%          2
 Flame Wave               Conj/Fire      38%        2d10      2%          4
 Inner Flame              Hex/Fire       23%        N/A       4%          3
 Kindle Blastsparks       Fire/Tloc/Air  34%        2d12      9%          3


Dungeon Overview and Level Annotations

Branches:
Dungeon (1/1)

Altars:
Makhleb


Innate Abilities, Weirdness & Mutations

You cannot wear most types of armour.
You are amphibious.
You can wear up to eight rings at the same time.
Your skin changes colour to match your surroundings (Stealth+).
Your rubbery body absorbs attacks. (AC +1, EV +1)
((You are camouflaged when in or above water. (Stealth+)))
You have tentacles for arms and can constrict up to eight enemies at once.


Message History

You have reached level 2!
You have reached level 3!
Your experience leads to an increase in your attributes!
Increase (S)trength, (I)ntelligence, or (D)exterity?
You feel agile. x2
You have reached level 4!
You have reached level 5!
You feel agile.
You have reached level 6!
You have reached level 7!
You have reached level 8!
You have reached level 9!
Your experience leads to an increase in your attributes!
Increase (S)trength, (I)ntelligence, or (D)exterity?
You feel agile. x2
You have reached level 10!
You feel stronger.
You have reached level 11!
Okay, then.
Okay, then.
A bag of meat comes into view. It is wielding a +9 war axe.
You hear a shout! x6
Things that are here:
a +9 war axe; a +30 ring of slaying; a bag of meat corpse
h - a +30 ring of slaying You hear a shout! x11
The bag of meat shouts!
You hit the meat berserker.
You fatally mangle the meat berserker.
You kill the meat berserker!
Makhleb accepts your kill.
You can now gain health from killing.
You hear a shout!
You hear two shouts!
You hear a shout! x9
A bag of meat comes into view. It is wielding a +9 war axe.
You hear a shout!
The meat berserker hits you with a +9 battleaxe!!!
Ouch! That really hurt!
* * * LOW HITPOINT WARNING * * *
You hear a shout! x2
The bag of meat closely misses you.
The bag of meat hits you with a +9 war axe!!
You die...

#... .# . #...
..# ..###...
..###.
......###..o...
....._...... .
#.....# ...
#_.<._#
.....#.o)..#...
......O@_......
......o###......
..###... ..###.
. #... ..# #o..
.# ..... .. ..o.
....


You could see a meat berserker (berserk) and 5 bags of meat.

Vanquished Creatures
  An ogre (D)
  An orc (D)
2 creatures vanquished.

Notes
Turn   | Place    | Note
-------+----------+-------------------------------------------
     0 | D        | Found the +∞ Axe of Woe
     0 | D        | NinjaNoafa the Octopode Fire Elementalist began the quest
                  | for the Orb.
     0 | D        | Reached XP level 1. HP: 11/11 MP: 3/3
     1 | D        | Noticed a bag of meat
     3 | D        | Became a worshipper of Makhleb the Destroyer
     4 | D        | Noticed a bag of meat
     4 | D        | Noticed a bag of meat
     4 | D        | Noticed a bag of meat
     5 | D        | Noticed a meat berserker
     5 | D        | Noticed a meat berserker
     6 | D        | Killed a bag of meat
     7 | D        | Reached skill level 12 in Stealth
     7 | D        | Reached XP level 2. HP: 29/29 MP: 3/11
     7 | D        | Reached XP level 3. HP: 34/34 MP: 3/12
     7 | D        | Reached XP level 4. HP: 40/40 MP: 3/14
     7 | D        | Reached XP level 5. HP: 45/45 MP: 3/15
     7 | D        | Reached XP level 6. HP: 51/51 MP: 3/17
     7 | D        | Reached XP level 7. HP: 56/56 MP: 3/18
     7 | D        | Reached XP level 8. HP: 63/63 MP: 3/20
     7 | D        | Reached XP level 9. HP: 67/67 MP: 3/21
     7 | D        | Reached XP level 10. HP: 73/73 MP: 3/22
     7 | D        | Reached XP level 11. HP: 78/78 MP: 3/23
     7 | D        | Noticed a bag of meat
     9 | D        | Killed a meat berserker
     9 | D        | Reached * piety under Makhleb
     9 | D        | Noticed a bag of meat
     9 | D        | Slain by a bag of meat

Illustrated notes

Levels and vault maps discovered:
D:        meatsprint

Skill      XL: |  1 |
---------------+----+-----
Fighting       | 8 |  8.8
Axes           | 8 |  8.9
Dodging        | 9 |  9.1
Stealth        | 12 | 12.8
Unarmed Combat | 8 |  8.9
Spellcasting   | 8 |  8.4
Conjurations   | 8 |  8.9
Fire Magic     | 9 |  9.5
Invocations    | 9 |  9.6

Action                   |  1- 3 |  4- 6 |  7- 9 | 10-12 || total
-------------------------+-------+-------+-------+-------++-------
Melee: Executioner's axe |     1 |       |       |     1 ||     2
Dodge: Dodged            |       |       |       |     1 ||     1

Table legend: (Time is in decaauts)
 A = Elapsed time spent in this place.
 B = Non-inter-level travel time spent in this place.
 C = Inter-level travel time spent in this place.
 D = Time resting spent in this place.
 E = Time spent auto-exploring this place.
 F = Levels seen in this place.
 G = Mean time per level.
                   A        B        C        D        E       F      G
               +--------+--------+--------+--------+--------+-----+--------+
         Total |      9 |      9 |      0 |      0 |      0 |   1 |    9.0 |
       Dungeon |      9 |      9 |      0 |      0 |      0 |   1 |    9.0 |
               +--------+--------+--------+--------+--------+-----+--------+

Top non-repeatable levels by time:
       D: 9 daAuts
